 Dungeon Crawl Stone Soup version 0.28.0-43-g3370ac3207 (console) character file.

Game seed: 129248747294957168

11717 Zeor the Covert (level 11, -7/52 HPs)
             Began as a Vine Stalker Enchanter on Apr 1, 2022.
             Was a Priest of Wu Jian.
             Mangled by a seven-headed hydra (8 damage)
             ... on level 1 of the Lair of Beasts on Apr 2, 2022.
             The game lasted 00:46:44 (9221 turns).

Zeor the Covert (Vine Stalker Enchanter)            Turns: 9221, Time: 00:46:45

Health: -7/52      AC:  7    Str: 22    XL:     11   Next: 82%
Magic:  0/25       EV: 14    Int: 19    God:    Wu Jian [***...]
Gold:   405        SH:  0    Dex: 16    Spells: 14/29 levels left

rFire   + . .      SeeInvis .   a - +0 rapier (spect)
rCold   . . .      Faith    .   (no shield)
rNeg    . . .      Spirit   +   L - +1 robe of the Gloaming {Str+6}
rPois   +          Reflect  .   r - +0 helmet
rElec   +          Harm     .   C - +0 cloak {rPois}
rCorr   .          Rampage  .   o - +0 pair of gloves
Will    +....                   t - +0 pair of boots
Stlth   +++++.....              I - amulet of magic regeneration
HPRegen 0.97/turn               q - +6 ring of strength
MPRegen 0.59/turn               v - ring "Mecuguit" {rElec rPois rF+}

@: no status effects
A: fangs 3, regeneration 1, magic shield, antimagic bite, no potion heal 2
a: Renounce Religion, Wall Jump, Serpent's Lash


You were on level 1 of the Lair of Beasts.
You worshipped Wu Jian.
Wu Jian was most pleased with you.
You visited 3 branches of the dungeon, and saw 12 of its levels.

You collected 640 gold pieces.
You spent 235 gold pieces at shops.

Inventory:

Hand Weapons
 a - a +0 spectral rapier (weapon)
 b - a +1 dagger
 g - a +0 dagger of speed
 D - a +2 short sword of electrocution
Missiles
 f - 13 poisoned darts (quivered)
 h - 247 arrows
 l - 23 bolts
 m - 2 throwing nets
 E - 5 atropa-tipped darts
Armour
 o - a +0 pair of gloves (worn)
 r - a +0 helmet (worn)
 t - a +0 pair of boots (worn)
 C - a +0 cloak of poison resistance (worn)
 F - a scarf of repulsion
 L - the +1 robe of the Gloaming (worn) {Str+6}
   (You found it on level 9 of the Dungeon)

   Str:       It affects your strength (+6).
 Q - an orb of mayhem
Jewellery
 q - a +6 ring of strength (left hand)
 v - the ring "Mecuguit" (right hand) {rElec rPois rF+}
   (You found it on level 4 of the Dungeon)

   [ring of poison resistance]

   rF:        It protects you from fire.
   rElec:     It insulates you from electricity.
   rPois:     It protects you from poison.
 I - an amulet of magic regeneration (around neck)
 J - a ring of protection from cold
Wands
 c - a wand of mindburst (14)
 n - a wand of acid (6)
 x - a wand of digging (5)
 G - a wand of iceblast (14)
 N - a wand of charming (4)
 O - a wand of paralysis (3)
Scrolls
 i - a scroll of enchant armour
 j - 2 scrolls of fog
 k - 2 scrolls of brand weapon
 y - a scroll of amnesia
 M - a scroll of holy word
 P - a scroll of identify
Potions
 d - 2 potions of invisibility
 e - 2 potions of might
 p - 2 potions of resistance
 s - 2 potions of curing
 u - a potion of berserk rage
 w - a potion of cancellation
 z - 2 potions of attraction
 A - 2 potions of haste
 B - 2 potions of magic
 H - 3 potions of brilliance
 K - a potion of mutation


   Skills:
 + Level 3.0 Fighting
 + Level 5.2 Short Blades
 + Level 2.5 Armour
 * Level 5.1 Dodging
 + Level 11.0 Stealth
 * Level 9.5 Spellcasting
 + Level 0.2 Conjurations
 * Level 9.7 Hexes
 + Level 0.4 Necromancy
 + Level 4.1 Ice Magic


You had 14 spell levels left.
You knew the following spells:

 Your Spells              Type           Power      Damage    Failure   Level
a - Ensorcelled Hibernat  Hex/Ice        70%        N/A       1%          2
b - Tukima's Dance        Hex            46%        N/A       1%          3
c - Confusing Touch       Hex            46%        N/A       1%          3
d - Dazzling Flash        Conj/Hex       54%        N/A       3%          3
e - Anguish               Hex/Necr       14%        N/A       10%         4

Your spell library contained the following spells:

 Spells                   Type           Power      Damage    Failure   Level
 Animate Skeleton         Necr           20%        N/A       6%          1
 Apportation              Tloc           18%        N/A       8%          1
 Sandblast                Erth           18%        2d7       8%          1
 Summon Small Mammal      Summ           36%        N/A       8%          1
 Corpse Rot               Necr/Air       18%        N/A       11%         2
 Passwall                 Tmut/Erth      7%         N/A       12%         2
 Poisonous Vapours        Pois/Air       18%        N/A       12%         2
 Stone Arrow              Conj/Erth      18%        3d8       22%         3
 Spider Form              Tmut/Pois      9%         N/A       24%         3
 Summon Mana Viper        Hex/Summ       27%        N/A       28%         5
 Summon Forest            Summ/Tloc      4%         N/A       91%         5
 Summon Cactus Giant      Summ           4%         N/A       100%        6


Dungeon Overview and Level Annotations

Branches:
Dungeon (10/15)            Temple (1/1) D:4            Lair (1/6) D:8
    Orc (0/2) D:9

Altars:
Ashenzari
Cheibriados
Dithmenos
Elyvilon
Fedhas
Gozag
Hepliaklqana
Kikubaaqudgha
Makhleb
Nemelex Xobeh
Okawaru
Qazlal
Ru
Sif Muna
Trog
Uskayaw
Vehumet
Wu Jian
Xom
Yredelemnul
Zin
The Shining One

Shops:
D:1 =   D:2 (   D:3 [   D:5 [   D:8 *   D:9 [


Innate Abilities, Weirdness & Mutations

You have razor-sharp teeth.
Your natural rate of healing is unusually fast.
When hurt, damage is shared between your health and your magic reserves.
Your bite disrupts and absorbs the magic of your enemies.
Potions cannot restore your health.


Message History

You bite the seven-headed hydra, but do no damage.
The seven-headed hydra is lightly wounded.
Your +0 spectral rapier hits the seven-headed hydra.
The seven-headed hydra barely misses you.
The seven-headed hydra closely misses you.
The seven-headed hydra bites you but does no damage.
The seven-headed hydra misses you.
The seven-headed hydra bites you but does no damage.
The seven-headed hydra completely misses you.
The seven-headed hydra bites you!
* * * LOW HITPOINT WARNING * * *
You strike the helpless seven-headed hydra from behind!
You impale the seven-headed hydra!! You bite the seven-headed hydra!
You drain its power.
You feel invigorated.
The seven-headed hydra is heavily wounded.
Your +0 spectral rapier hits the seven-headed hydra!
The seven-headed hydra bites your +0 spectral rapier.
Your spectral weapon shares its damage with you!
The seven-headed hydra barely misses your +0 spectral rapier.
The seven-headed hydra bites your +0 spectral rapier!
Your spectral weapon shares its damage with you!
* * * LOW HITPOINT WARNING * * *
The seven-headed hydra barely misses your +0 spectral rapier.
The seven-headed hydra bites your +0 spectral rapier!
Your spectral weapon shares its damage with you!
Your +0 spectral rapier fades away.
* * * LOW HITPOINT WARNING * * *
The seven-headed hydra closely misses you.
The seven-headed hydra bites you.
* * * LOW HITPOINT WARNING * * *
You hit the seven-headed hydra. You bite the seven-headed hydra!
You drain its power.
You feel invigorated.
The seven-headed hydra is severely wounded.
Your +0 spectral rapier hits the seven-headed hydra!
The seven-headed hydra misses you. x2; The seven-headed hydra bites you!
* * * LOW HITPOINT WARNING * * *
The seven-headed hydra bites you but does no damage.
The seven-headed hydra closely misses you.
The seven-headed hydra bites you!
You die...

▒[∙▒ ▒∙∙▒ ▒∙∙▒▒▒
▒ ▒∙∙▒∙▒▒▒▒▒∙▒
▒∙∙∙∙∙∙∙∙>∙∙ ▒▒
▒∙∙∙∙∙∙∙∙∙∙∙
PP▒▒▒▒∙∙∙∙∙∙∙∙∙∙∙
≈≈∙∙∙∙∙D∙∙∙∙∙∙∙∙∙
≈≈∙∙∙∙∙f(∙▒▒▒▒∙P∙
≈∙∙∙∙P∙∙∙▒▒
≈∙∙∙∙P∙∙∙▒
≈∙∙∙∙P∙∙∙▒
≈♣▒∙∙▒∙∙∙▒
▒▒▒▒∙∙∙▒ ▒∙∙∙▒
▒∙∙∙▒ ▒∙∙∙▒


You could see a seven-headed hydra (confused) and a friendly +0 spectral rapier
(summoned, wandering).

Vanquished Creatures
  A hydra (D:10)
  2 two-headed ogres (D:9)
  A centaur warrior (D:9)
  Pikel (D:8)
  Maurice (D:8)
  An unseen horror (D:10)
  Maggie (D:9)
  2 trolls
  Prince Ribbit (D:9)
  A shadow (D:9)
  3 wyverns
  Grum (D:8)
  18 yaks
  Edmund (D:4)
  4 water moccasins
  2 acid dragons
  2 orc warriors
  A sky beast (D:6)
  A black bear (D:8)
  A necrophage (D:6)
  An ogre (D:5)
  4 centaurs
  3 wolves (D:8)
  2 phantoms (D:7)
  Blork the orc (D:4)
  2 bullfrogs
  A gnoll sergeant (D:10)
  4 scorpions
  A wyvern skeleton (D:6)
  8 killer bees
  7 wights
  A howler monkey (D:4)
  A centaur zombie (D:10)
  2 hounds
  A centaur skeleton (D:6)
  3 jellies
  4 orc priests
  A gnoll shaman (D:8)
  A bullfrog skeleton (D:5)
  2 iguanas (D:4)
  6 orc wizards
  2 howler monkey zombies
  Robin (D:3)
  2 adders
  10 gnolls
  A howler monkey skeleton (D:6)
  2 shadow imps (D:5)
  An adder skeleton (D:4)
  A worm (D:5)
  2 dart slugs
  24 orcs
  9 ball pythons (D:1)
  4 bats
  7 endoplasms
  2 giant cockroaches (D:4)
  10 goblins
  9 hobgoblins
  9 jackals
  7 kobolds
  5 quokkas
  9 frilled lizards
  A quokka skeleton (D:4)
  5 rats
225 creatures vanquished.

Vanquished Creatures (others)
  A dancing weapon (D:8)
  2 plants
3 creatures vanquished.

Grand Total: 228 creatures vanquished

Notes
Turn   | Place    | Note
-------+----------+-------------------------------------------
     0 | D:1      | Zeor the Vine Stalker Enchanter began the quest for the
                  | Orb.
     0 | D:1      | Reached XP level 1. HP: 9/9 MP: 4/4
   187 | D:1      | Reached XP level 2. HP: 13/13 MP: 6/6
   190 | D:1      | Learned a level 2 spell: Ensorcelled Hibernation
   213 | D:1      | Reached skill level 4 in Stealth
   613 | D:1      | Found Rummaol's Jewellery Shop.
   804 | D:1      | Reached skill level 1 in Short Blades
   804 | D:1      | Reached XP level 3. HP: 13/16 MP: 0/7
  1176 | D:1      | Found a faded altar of an unknown god.
  1495 | D:2      | Gained mutation: Your natural rate of healing is unusually
                  | fast. [Vine Stalker growth]
  1495 | D:2      | Reached XP level 4. HP: 21/21 MP: 8/8
  1625 | D:2      | Learned a level 3 spell: Tukima's Dance
  1629 | D:2      | Learned a level 3 spell: Confusing Touch
  1667 | D:2      | Found Yryomuch's Weapon Shoppe.
  1680 | D:2      | Bought a +0 rapier for 40 gold pieces
  2633 | D:3      | Found Plog's Antique Armour Shop.
  2724 | D:3      | Noticed a bullfrog
  2735 | D:3      | Killed a bullfrog
  2736 | D:3      | Reached skill level 5 in Stealth
  2736 | D:3      | Reached XP level 5. HP: 25/25 MP: 10/10
  2779 | D:3      | Reached skill level 1 in Armour
  2779 | D:3      | Reached skill level 1 in Ice Magic
  2779 | D:3      | Reached XP level 6. HP: 29/29 MP: 11/11
  2791 | D:3      | Noticed Robin
  2807 | D:3      | Killed Robin
  3668 | D:4      | Found a staircase to the Ecumenical Temple.
  3676 | D:4      | Noticed Edmund
  3686 | D:4      | Identified the ring "Mecuguit" {rElec rPois rF+}
  3708 | D:4      | Killed Edmund
  3709 | D:4      | Reached skill level 6 in Stealth
  3709 | D:4      | Reached XP level 7. HP: 22/32 MP: 0/13
  3856 | Temple   | Entered the Ecumenical Temple
  4090 | Temple   | Became a worshipper of the Wu Jian Council
  4241 | D:4      | Noticed Blork the orc
  4258 | D:4      | Killed Blork the orc
  4259 | D:4      | Reached skill level 1 in Fighting
  4806 | D:5      | Entered Level 5 of the Dungeon
  4939 | D:5      | Gained mutation: You have razor-sharp teeth. [Vine Stalker
                  | growth]
  4939 | D:5      | Reached XP level 8. HP: 36/37 MP: 10/15
  4951 | D:5      | Reached skill level 7 in Stealth
  4951 | D:5      | Reached skill level 5 in Hexes
  5108 | D:6      | Found a blossoming altar of Fedhas.
  5197 | D:5      | Found Viuntica's Antique Armour Boutique.
  5203 | D:5      | Bought a glowing cloak for 195 gold pieces
  5391 | D:5      | Reached * piety under Wu Jian
  5558 | D:6      | Reached skill level 5 in Spellcasting
  5792 | D:6      | Reached XP level 9. HP: 41/41 MP: 15/18
  5796 | D:6      | Learned a level 3 spell: Dazzling Flash
  5801 | D:6      | Learned a level 4 spell: Anguish
  6219 | D:7      | Reached skill level 8 in Stealth
  6973 | D:7      | Found a shadowy altar of Dithmenos.
  6982 | D:7      | Found a sacrificial altar of Ru.
  7143 | D:8      | Noticed Maurice
  7145 | D:8      | Reached XP level 10. HP: 36/47 MP: 15/21
  7169 | D:7      | Reached ** piety under Wu Jian
  7170 | D:7      | Reached skill level 9 in Stealth
  7251 | D:8      | Noticed Pikel
  7253 | D:8      | Killed Pikel
  7262 | D:8      | Noticed Grum
  7293 | D:8      | Killed Grum
  7365 | D:8      | Found Ezoownuw's Demolitions Depot.
  7500 | D:8      | Found a staircase to the Lair.
  7547 | D:8      | Killed Maurice
  7642 | D:8      | Reached skill level 10 in Stealth
  7662 | D:8      | Reached skill level 5 in Short Blades
  7662 | D:8      | Reached XP level 11. HP: 17/51 MP: 4/24
  7857 | D:8      | Found an opulent altar of Gozag.
  7973 | D:9      | Reached *** piety under Wu Jian
  7986 | D:9      | Noticed a two-headed ogre
  8000 | D:9      | Killed a two-headed ogre
  8136 | D:9      | Noticed a centaur warrior
  8160 | D:9      | Killed a centaur warrior
  8196 | D:9      | Identified the +1 robe of the Gloaming {Str+6}
  8356 | D:9      | Noticed a two-headed ogre
  8365 | D:9      | Killed a two-headed ogre
  8404 | D:9      | Found Taeteciv's Armour Emporium.
  8419 | D:9      | Found a staircase to the Orcish Mines.
  8519 | D:9      | Noticed Prince Ribbit
  8523 | D:9      | Killed Prince Ribbit
  8601 | D:9      | Noticed Maggie
  8607 | D:9      | Killed Maggie
  8608 | D:9      | Reached skill level 5 in Dodging
  8885 | D:10     | Entered Level 10 of the Dungeon
  9081 | D:10     | Noticed a six-headed hydra
  9088 | D:10     | Killed a six-headed hydra
  9133 | D:10     | Reached skill level 11 in Stealth
  9197 | Lair:1   | Entered Level 1 of the Lair of Beasts
  9205 | Lair:1   | Noticed a seven-headed hydra
  9218 | Lair:1   | HP: 2/52 [seven-headed hydra (2)]
  9221 | Lair:1   | Mangled by a seven-headed hydra

Illustrated notes

Levels and vault maps discovered:
D:1:      ncdulo_smallfort, layout_loops_ring, serial_shops, shop,
          shapermc_ecumenical_altar_venn, minmay_pentomino_w4
D:2:      layout_loops_ring, serial_shops, nicolae_square_shop,
          minmay_stone_trees_large, nicolae_figureground_pulse
D:3:      layout_loops_ring, serial_shops, shop, minmay_misc_feat_pillars,
          uniq_robin
D:4:      layout_rooms, temple_fountains, roderic_malta_cross,
          chequers_big_river, uniq_blork_the_orc, uniq_edmund
D:5:      layout_basic, serial_shops, nicolae_diamond_shop
D:6:      layout_rooms, fedhas_ov_isle_minmay, lemuel_another_geyser
D:7:      minmay_spotlight, layout_basic, mainiacjoe_overflow_swirl
D:8:      layout_cave_pools, lair_entry_dummy, kennysheep_nondescript,
          kennysheep_flooded_box, nicolae_blasting_shop, uniq_pikel, uniq_grum,
          uniq_maurice
D:9:      layout_irregular_city, orc_david_3, serial_column_ruins,
          column_ruins_pillar_1, column_ruins_pillar_2, column_ruins_pillar_7,
          column_ruins_pillar_10, column_ruins_pillar_4, column_ruins_pillar_5,
          column_ruins_pillar_6, column_ruins_pillar_7, column_ruins_pillar_12,
          column_ruins_pillar_1, column_ruins_pillar_6, column_ruins_pillar_2,
          column_ruins_pillar_6, column_ruins_pillar_3, column_ruins_pillar_7,
          column_ruins_pillar_2, column_ruins_pillar_1, corexii_hall_statues_x,
          serial_bayou_pond_a, chequers_serial_rivers_room_b,
          uniq_prince_ribbit1, uniq_maggie
D:10:     layout_cave_pools, nicolae_trove_entry_columns
Temple:   mainiacjoe_temple_bowtie_tessellation
Lair:1:   layout_chaotic_city, grunt_forest_large_clearing_hut,
          grunt_megastairs_3, serial_bayou_shore_b

Skill      XL: |  1  2  3  4  5  6  7  8  9 10 11 |
---------------+----------------------------------+-----
Stealth        | 4 5 6 7 8 10 11 | 11.0
Short Blades   | 1 2 3 4 5 |  5.2
Spellcasting   | 3 4 5 7 8 9 |  9.5
Armour         | 1 2 |  2.5
Hexes          | 4 5 7 8 9 |  9.7
Ice Magic      | 1 2 3 4 |  4.1
Fighting       | 1 2 3 |  3.0
Dodging        | 2 3 4 5 |  5.1
Conjurations   | |  0.2
Necromancy     | |  0.4

Action                   |  1- 3 |  4- 6 |  7- 9 | 10-12 || total
-------------------------+-------+-------+-------+-------++-------
Melee: Dagger            |    70 |     9 |       |       ||    79
       Bite              |    18 |    13 |    51 |    43 ||   125
       Punch             |     2 |       |     2 |     2 ||     6
       Rapier            |       |    52 |   147 |   169 ||   368
Throw: Dart              |       |       |       |     1 ||     1
 Cast: Ensorcelled Hiber |    21 |    28 |    28 |    61 ||   138
       Confusing Touch   |       |     1 |    18 |    16 ||    35
       Tukima's Dance    |       |       |     2 |     6 ||     8
       Dazzling Flash    |       |       |     2 |     7 ||     9
       Anguish           |       |       |       |     3 ||     3
Invok: Lunge             |       |       |    36 |    24 ||    60
       Whirlwind         |       |       |    17 |    38 ||    55
  Use: Scroll            |     2 |     4 |    15 |     3 ||    24
       Potion            |       |     1 |       |     1 ||     2
 Stab: Sleeping          |    19 |    28 |    27 |    36 ||   110
       Confused          |       |     1 |     8 |    10 ||    19
       Distracted        |       |       |     1 |     1 ||     2
       Invisible         |       |       |     1 |     7 ||     8
Armor: Leather armour    |    10 |    15 |    20 |    24 ||    69
       Robe              |       |       |       |    26 ||    26
Dodge: Dodged            |    29 |    19 |    72 |   139 ||   259
